cohdb
Replays
Latest Replays
All Replays
Popular Replays
Top Player Replays
Match Explorer
How It Works
Community
CoH3 Stats
Reddit
Sign in to upload your games and track your stats! →
Sign in with Steam
Match 44872590
Unlisted
Match 44872590
Overview
Messages
Build Orders
End
Construct Infanterie Kompanie
Pioneer Squad
Selects Mechanized Battlegroup
Grenadier Squad
MG 42 Machine Gun Team
MG 42 Machine Gun Team
GrW 34 Mortar Team
Grenadier Squad
Medical Station
Selects Raid Package
Construct Luftwaffe Kompanie
Jäger Squad
Construct Panzergrenadier Kompanie
Jäger Squad
MG 42 Machine Gun Team
Selects StuG Assault Group
Selects StuG Assault Group
Selects Spotting Scopes
StuG Assault Group
Selects UNKNOWN (2160084)
Selects Wespe Self-propelled Artillery
Selects Mechanized Assault
Construct Panzer Kompanie
Pak 40 Anti-tank Gun Team
Panzer IV Medium Tank
Buyo
Nut
Sunset1982
Genki
0
0
Comments
sign in to comment!
No comments posted yet!